 BcadrenCrawl: Boulder Brew version 0.04-3-g5ec7fb31a4 (webtiles) character file.

Game seed: 13861871579512678529, levelgen mode: deterministic

18 Chiseanne the Ducker (level 2, 8/20 HPs) Goblin Demonspawn. Began on Mar 21, 2021. Quit the game on level 1 of the Dungeon. The game lasted 00:00:33 (126 turns).

Chiseanne the Ducker (Goblin Demonspawn)             Turns: 126, Time: 00:00:34

Health: 8/20       AC:  3    Str:  8    XL:     2 ^: 3
Magic:  3/3        EV: 14    Int:  6    God:
Gold:   35         SH:  0    Dex:  6    Spells: 2/3 levels left

rFire    . . .     Vision   .   a - +0 long sword
rCold    . . .     Gourm    .   (weapon restricted)
rNeg     . . .     Faith    .   b - +0 leather armour
rPois    .         Spirit   .   (helmet restricted)
rElec    .         Reflect  .   (no cloak)
rCorr    .         Harm     .   (no gloves)
MR       .....                  (no boots)
Stlth    +.........             (no amulet)
HPRegen  0.16/turn              (no ring)
MPRegen  0.13/turn              (no ring)

@: no status effects
A: small, stagnant stats, goblin's greed, antennae 1, low mp 1, mutation
resistance 1, god's pity 2
a: no special abilities


You were on level 1 of the Dungeon.
You were not hungry.

You visited 1 branch of the dungeon, and saw 1 of its levels.

You collected 29 gold pieces.

Inventory:

Weapons
 a - a +0 long sword (weapon)
 w - a +0 hunting sling
Armour
 b - a +0 leather armour (worn)
Potions
 c - 3 potions of curing
Comestibles
 d - a ration


   Skills:
 * Level 2.4 Fighting
 - Level 2.6 Long Blades
 * Level 4.5 Dodging
 - Level 2.6 Stealth
 - Level 1.3 Spellcasting
 - Level 2.6 Fire Magic
   Level 4.0 Invocations


You had 2 spell levels left.
You knew the following spells:

 Your Spells              Type           Power        Failure   Level  Hunger
a - Flame Tongue          Fire           3 (30)       17%         1    ##.....

Your spell library contained the following spells:

 Spells                   Type           Power        Failure   Level  Hunger
 Blink                    Tloc           N/A          61%         2    ###....
 Call Imp                 Summ           0 (100)      61%         2    ###....
 Slow                     Hex            0 (100)      61%         2    ###....
 Conjure Flame            Fire           3 (100)      45%         3    ####...
 Mephitic Cloud           Pois/Air       0 (100)      83%         3    ####...


Dungeon Overview and Level Annotations

Branches:
Dungeon (1/8)

Altars:


Innate Abilities, Weirdness & Mutations

Your stats never grow through leveling.
Your goblin ancestry allows you to find more gold. (+20%)
You are small and have problems with some larger weapons.
You have a pair of small antennae on your head.
Your magical capacity is low. (-10% MP)
You are somewhat resistant to further mutation.
The pity of the gods increases the power of your passive and invoked divine abilities.


Message History

The giant cockroach completely misses you (0).
You riposte.
You barely miss the giant cockroach.
The leopard gecko closely misses you (0).
You riposte.
You closely miss the leopard gecko.
A rat comes into view.
You closely miss the giant cockroach. x2
The giant cockroach closely misses you (0).
The leopard gecko misses you (0).
The leopard gecko closely misses you (0).
You riposte.
You barely miss the leopard gecko. The giant cockroach misses you (0).
You hit the giant cockroach (5).
You kill the giant cockroach!
Your Fighting skill increases to level 2!
You have reached level 2!
Your demonic ancestry asserts itself...
A pair of antennae grows on your head!
The hobgoblin hits you but does no damage.
The leopard gecko bites you (2).
Are you sure you want to abandon this character and quit the game? (Confirm with "yes".)

.#..#.###.
.%....#..
r.[#..>..#
.........#
#.≈.≈...# #
#.≈>≈..#
..##.##g..≈..#..#
......†@.........
......#l..#......
..........###....
..≈.......#......
.≈>≈####.........
#≈#..####..#####.
# #..............
.###......#....!..
...#..##..##.....#


You could see a leopard gecko, a hobgoblin and a rat.

Vanquished Creatures
  A giant cockroach (D:1)
  2 hobgoblins (D:1)
  A kobold (D:1)
4 creatures vanquished.

Notes
Turn   | Place    | Note
-------+----------+-------------------------------------------
     0 | D:1      | Chiseanne the Goblin Demonspawn began the quest for the
                  | Orb.
     0 | D:1      | Reached XP level 1. HP: 13/13 MP: 2/2
   125 | D:1      | Gained mutation: You have a pair of small antennae on your
                  | head. [demonic ancestry]
   125 | D:1      | Reached XP level 2. HP: 10/20 MP: 3/3
   126 | D:1      | Quit the game

Levels and vault maps discovered:
D:1:      sevenhm_arrival_forest_fort_large_2, layout_cave_pools,
          hangedman_abyss_or_decor_lesser_grid, chequers_serial_rivers_small_a

Skill      XL: |  1 |
---------------+----+-----
Fighting       | 2 |  2.4
Long Blades    | |  2.6
Dodging        | |  4.5
Stealth        | |  2.6
Spellcasting   | |  1.3
Fire Magic     | |  2.6
Invocations    | |  4.0

Action                   || total
-------------------------++-------
Melee: Long sword        ||    11
       Unarmed           ||     7
 Stab: Sleeping          ||     1
Armor: Leather armour    ||     2
Dodge: Dodged            ||    23
       Rpst.: Long sword ||     6
